 Dungeon Crawl Stone Soup version 0.30-a0-1018-g25214051b3 (webtiles) character file.

Game seed: 5511972932453013055

100006 Zeldest the Grappler (level 15, -2/141 (144) HPs)
             Began as a Red Draconian Transmuter on Apr 8, 2023.
             Was the Champion of Ru.
             Slain by a demonic crawler (6 damage)
             ... on level 1 of the Spider Nest.
             The game lasted 01:08:09 (25990 turns).

Zeldest the Grappler (Red Draconian Transmuter)    Turns: 25990, Time: 01:08:10

HP:   -2/141 (144)  AC: 30    Str: 19    XL:     15   Next: 79%
MP:   0/23          EV: 11    Int: 20    God:    Ru [******]
Gold: 2000          SH:  0    Dex: 11    Spells: 8/25 levels left

rFire   + . .      SeeInvis +      - Unarmed
rCold   + . .      Faith    .    (no shield)
rNeg    + + +      Spirit   +    (body armour unavailable)
rPois   ∞          Reflect  .    r - +2 hat
rElec   +          Rampage  .    k - +0 cloak of the Gloaming {rN+ Str+2}
rCorr   .                        l - melded +1 pair of gloves
Will    +....                    B - melded +0 pair of boots "Acoix" {Int+8 Slay+3 Stlth+}
Stlth   ++                       g - amulet of Suxaopn {Spirit rC+ Int+3 SInv}
HPRegen 0.43/turn                e - ring of protection from cold
MPRegen 0.18/turn                A - ring "Karhiute" {Wiz rElec rC- rN++ Stlth+}

@: exhausted, statue-form, wereblooded (expiring), lightly drained, unable to
drink, very slow
A: slow and powerful, torment resistance 1, boosted hp, (breathe fire), AC +9,
unfitting armour, fire resistance 1, frail 2, cold-blooded, inability to drink
after injury 2, inability to train dodging
a: End Transformation, Renounce Religion, Draw Out Power, Power Leap, Apocalypse


You were on level 1 of the Spider Nest.
You worshipped Ru.
Ru was exalted by your worship.
You were a living statue of rough stone.
You visited 5 branches of the dungeon, and saw 24 of its levels.
You also visited: Gauntlet, Ice Cave and Volcano.

You collected 2943 gold pieces.
You spent 943 gold pieces at shops.

Inventory:

Armour
 k - the +0 cloak of the Gloaming (worn) {rN+ Str+2}
   (You acquired it on level 11 of the Dungeon)

   Str:       It affects your strength (+2).
   rN:        It protects you from negative energy.
 l - a +1 pair of gloves (melded)
 r - a +2 hat (worn)
 B - the +0 pair of boots "Acoix" (melded) {Int+8 Slay+3 Stlth+}
   (You bought it in a shop on level 2 of the Orcish Mines)

   Int:       It affects your intelligence (+8).
   Slay:      It affects your accuracy & damage with ranged weapons and melee
   (+3).
   Stlth:     It makes you more stealthy.
 E - a +1 cloak of cold resistance
Jewellery
 e - a ring of protection from cold (left fist)
 g - the amulet of Suxaopn (around neck) {Spirit rC+ Int+3 SInv}
   (You acquired it on level 11 of the Dungeon)

   [amulet of guardian spirit]

   It causes incoming damage to be divided between your reserves of health and
   magic.
   Int:       It affects your intelligence (+3).
   rC:        It protects you from cold.
   SInv:      It lets you see invisible.
 A - the ring "Karhiute" (right fist) {Wiz rElec rC- rN++ Stlth+}
   (You acquired it on level 13 of the Dungeon)

   [ring of wizardry]

   It improves your spell success rate.
   rC:        It makes you vulnerable to cold.
   rElec:     It insulates you from electricity.
   rN:        It greatly protects you from negative energy.
   Stlth:     It makes you more stealthy.
Wands
 m - a wand of quicksilver (3)
 t - a wand of roots (15)
 v - a wand of mindburst (8)
 y - a wand of flame (39)
 D - a wand of digging (6)
 F - a wand of polymorph (13)
 H - a wand of charming (21)
Scrolls
 d - a scroll of blinking
 f - a scroll of enchant weapon
 h - 2 scrolls of poison
 i - 3 scrolls of teleportation
 n - 4 scrolls of enchant armour
 q - a scroll of noise
 u - 2 scrolls of summoning
 z - 2 scrolls of identify
 C - a scroll of silence
 L - 11 scrolls of vulnerability
 P - a scroll of torment
Potions
 a - 4 potions of mutation
 b - 3 potions of attraction
 c - 5 potions of cancellation
 j - 3 potions of flight
 o - 12 potions of curing
 p - 4 potions of heal wounds
 s - 5 potions of haste
 w - 9 potions of brilliance
 x - 2 potions of magic
 G - 3 potions of berserk rage
 I - 4 potions of might
 J - 3 potions of ambrosia
 K - a potion of experience
 Q - 4 potions of invisibility
Miscellaneous
 O - a lightning rod (4/4)


   Skills:
 + Level 14.6 Fighting
   Level 0.0 Dodging
 + Level 14.8 Unarmed Combat
 + Level 5.7 Spellcasting
 + Level 14.7 Transmutations
 - Level 5.0 Ice Magic
 + Level 9.7 Earth Magic


You had 8 spell levels left.
You knew the following spells:

 Your Spells              Type           Power      Damage    Failure   Level
a - Statue Form           Tmut/Erth      35%        N/A       4%          6
b - Wereblood             Tmut           59%        N/A       1%          2
d - Ice Form              Ice/Tmut       45%        N/A       1%          4
f - Irradiate             Conj/Tmut      17%        3d17      6%          5

Your spell library contained the following spells:

 Spells                   Type           Power      Damage    Failure   Level
 Beastly Appendage        Tmut           100%       N/A       1%          1
 Sandblast                Erth           88%        2d18      1%          1
 Passwall                 Tmut/Erth      44%        N/A       1%          2
 Spider Form              Tmut/Pois      35%        N/A       1%          3
 Stone Arrow              Conj/Erth      50%        3d10      1%          3
 Blade Hands              Tmut           29%        N/A       1%          5
 Lee's Rapid Deconstruct  Erth           22%        3d12*     2%          5
 Foxfire                  Conj/Fire      20%        2x1d5     4%          1
 Magic Dart               Conj           20%        1d4       4%          1
 Shock                    Conj/Air       20%        1d4       4%          1
 Summon Small Mammal      Summ           20%        N/A       4%          1
 Blink                    Tloc           10%        N/A       6%          2
 Call Imp                 Summ           10%        N/A       6%          2
 Static Discharge         Conj/Air       10%        2-3/arc   6%          2
 Leda's Liquefaction      Hex/Erth       12%        N/A       6%          4
 Call Canine Familiar     Summ           5%         N/A       13%         3
 Mephitic Cloud           Conj/Pois/Air  5%         N/A       13%         3
 Summon Guardian Golem    Hex/Summ       5%         N/A       13%         3
 Swiftness                Air            5%         N/A       13%         3
 Tukima's Dance           Hex            5%         N/A       13%         3
 Summon Ice Beast         Ice/Summ       15%        N/A       16%         4
 Airstrike                Air            2%         2d(1-17)  38%         4
 Manifold Assault         Tloc           5%         N/A       38%         4
 Summon Lightning Spire   Summ/Air       5%         N/A       38%         4
 Iron Shot                Conj/Erth      12%        9d3       63%         6
 Silence                  Hex/Air        2%         N/A       71%         5
 Summon Mana Viper        Hex/Summ       5%         N/A       71%         5
 Storm Form               Tmut/Air       17%        N/A       85%         7
 Conjure Ball Lightning   Conj/Air       2%         3x3d6     99%         6
 Malign Gateway           Summ/Tloc      2%         N/A       100%        7
 Monstrous Menagerie      Summ           2%         N/A       100%        7
 Orb of Destruction       Conj           2%         9d5       100%        7
 Spellforged Servitor     Conj/Summ      2%         N/A       100%        7
 Animate Armour           Summ/Erth      Unusable   N/A       N/A         4

Dungeon Overview and Level Annotations

Branches:
Dungeon (15/15) Zot: 25992  Temple (1/1) D:6 Zot: 5880    Lair (5/5) D:10 Zot: 23142
  Swamp (0/4) Lair:2       Spider (1/4) Lair:2 Zot: 5967   Slime (0/5) Lair:4
    Orc (2/2) D:12 Zot: 9268     Elf (0/3) Orc:2        Vaults (0/5) D:14
 Depths (0/4) D:15          IceCv (visited)         Volcano (visited)
Gauntlet (visited)

Altars:
Cheibriados
Dithmenos
Elyvilon
Fedhas
Gozag
Hepliaklqana
Kikubaaqudgha
Makhleb
Nemelex Xobeh
Okawaru
Qazlal
Ru
Trog
Uskayaw
Vehumet
Wu Jian
Xom
Zin
The Shining One
Jiyva
Lugonu

Shops:
D:1 [   D:4 :   D:15 (   Orc:2 *=![[

Portals:
Abyss: Lair:5

Annotations:
D:2 1 runed translucent door, Crazy Yiuf
D:7 2 transporters, greynaab's ghost, novice HOFi
D:9 2 transporters, patfeehan111222's ghost, novice MiBe
D:10 2 transporters, bearlyready's ghost, journeyman TeFi


Innate Abilities, Weirdness & Mutations

You are a living statue of rough stone.
Your actions are slow, but your melee attacks are powerful.
You are resistant to unholy torment.
Your maximum health is greatly increased.
You are immune to poison.
Your equipment is partially melded.
((You can breathe blasts of fire.))
((Your fiery red scales are hard. (AC +9)))
You cannot fit into any form of body armour.
Your flesh is heat resistant. (rF+)
You are very frail. (-20% HP)
You are cold-blooded and may be slowed by cold attacks.
You sometimes lose the ability to drink potions when taking damage.
You cannot train Dodging skill.


Message History

You cannot drink potions in your current state!
Blink to where?
Press: ? - help, Dir - move target
As you read the scroll of blinking, it crumbles to dust.
You howl as the wereblood boils in your veins!
Your primal bloodlust is almost over.
The wolf spider is engulfed in poison gas.
The wolf spider looks as sick as possible!
The wolf spider is engulfed in poison gas.
The wolf spider looks as sick as possible!
The wolf spider is engulfed in poison gas.
The wolf spider looks as sick as possible!
As you read the scroll of fear, it crumbles to dust.
You assume a fearsome visage.
The orb spider looks frightened!
The demonic crawler easily resists.
The wolf spider looks frightened! x2
You howl as the wereblood boils in your veins!
You feel a bit more experienced.
The wolf spider is engulfed in poison gas.
The wolf spider looks as sick as possible!
The wolf spider is engulfed in poison gas.
The wolf spider looks as sick as possible!
The wolf spider is engulfed in poison gas.
The wolf spider looks as sick as possible!
The orb spider is engulfed in poison gas.
The orb spider is poisoned.
The wolf spider is engulfed in poison gas.
The wolf spider looks as sick as possible!
The wolf spider is engulfed in poison gas.
The wolf spider looks as sick as possible!
You kill the wolf spider!
The demonic crawler hits you but does no damage.
The demonic crawler barely misses you.
The demonic crawler hits you but does no damage.
The orb spider is engulfed in poison gas.
The orb spider looks even sicker.
The orb spider begins to attack, but is stunned by your conviction!
The wolf spider is engulfed in poison gas.
The wolf spider looks as sick as possible!
The demonic crawler barely misses you. The demonic crawler hits you!
You die...

.......#....#....#...
.......☼§§○§§☼○☼§.....
....>.§○§#☼§§§§○....#
s...s○§§§§○☼§§§.....
#...§§☼§§§§§§§$....
...#...†.§§☼§§§§§.....
...^..†○§§§○○○§§○...#
#s†s§§§8§○§..#
........s#§§s§§§§..#
.......○○.#○§§☼§§..#
.^##.###.###§§☼§☼...#
## ####.§☼#○§...#
###########


You could see a demonic crawler, a wolf spider (fleeing, extremely poisoned), an
orb spider (charged, fleeing, very poisoned) and 2 redbacks.

Vanquished Creatures
  An Ice Fiend (IceCv)
  A quicksilver ooze (Gauntlet)
  Nessos (D:13)
  A minotaur (Gauntlet)
  Snorg (D:14)
  Azrael (Spider:1)
  A fire dragon (D:15)
  Josephine (Lair:3)
  A caustic shrike simulacrum (IceCv)
  Erolcha (D:10)
  5 centaur warriors
  4 hydras
  An ice dragon (D:15)
  A boulder beetle (D:14)
  2 dancing weapons (D:14)
  5 two-headed ogres
  3 orc high priests (Orc:2)
  4 thrashing horrors (Lair:5)
  A hell hog (Gauntlet)
  Urug (Lair:3)
  Sonja (Lair:5)
  A pharaoh ant (Spider:1)
  4 skysharks
  A deep troll (shapeshifter) (D:13)
  An orb spider (Spider:1)
  A bog body (IceCv)
  A wizard (D:14)
  An obsidian statue (IceCv)
  14 deep elf pyromancers
  5 spriggan simulacra (IceCv)
  2 wolf spiders (Spider:1)
  A deep elf archer (Volcano)
  6 orc knights
  5 cyclopes
  6 ugly things
  An oklob plant (Lair:5)
  10 elephants
  5 orc sorcerers (Orc:2)
  4 manticores
  Joseph (D:9)
  Maurice (D:9)
  2 demonic crawlers (Spider:1)
  3 gargoyles
  2 smoke demons (Lair:5)
  2 unseen horrors (D:13)
  4 cane toads
  2 kobold demonologists (D:14)
  A rime drake (Lair:5)
  7 komodo dragons
  6 freezing wraiths (IceCv)
  3 ice devils (IceCv)
  3 anaconda simulacra (IceCv)
  A yaktaur (shapeshifter) (Lair:5)
  2 ancient zymes (Lair:5)
  3 polar bears
  9 trolls
  A tarantella (Spider:1)
  32 blink frogs
  12 slime creatures
  2 spriggans (Lair:5)
  A shadow (D:11)
  2 centaur simulacra
  2 culicivoras (Lair:2)
  Sigmund (D:4)
  6 wraiths
  2 fire bats (Gauntlet)
  47 yaks
  A ynoxinul (Lair:5)
  A human (shapeshifter) (Lair:5)
  6 basilisks
  7 fire elementals
  2 wyverns
  A golden eye (shapeshifter) (D:15)
  A redback (Spider:1)
  A steam dragon (D:7)
  2 harpy simulacra (IceCv)
  2 chaos spawn (Lair:5)
  16 vampire mosquitoes
  2 large abominations (Lair:5)
  2 minotaur simulacra (IceCv)
  A warg (Orc:2)
  An acid dragon (D:13)
  13 hell hounds
  9 water moccasins
  A black bear (D:7)
  23 orc warriors
  A swamp drake (Orc:1)
  A sky beast (D:6)
  An ettin simulacrum (IceCv)
  An ice beast (D:6)
  4 ogres
  8 wolves
  17 centaurs
  4 boggarts (D:14)
  3 phantoms
  4 kobold brigands
  9 bullfrogs
  A gnoll sergeant (D:8)
  3 deep troll simulacra (IceCv)
  8 wights
  8 killer bees
  3 howler monkeys
  8 small abominations (Lair:5)
  7 electric eels
  A crimson imp (Orc:1)
  2 gnoll boudas
  4 jellies
  16 orc priests
  6 hounds
  2 iron imps
  A sleepcap (D:6)
  Jessica (D:3)
  Terence (D:2)
  3 iguanas
  21 orc wizards
  12 adders
  12 gnolls
  A shadow imp (Orc:1)
  5 white imps
  2 worms (D:2)
  A dart slug (D:2)
  108 orcs
  6 bats
  6 endoplasms
  A giant cockroach (D:3)
  5 goblins
  4 hobgoblins
  A quokka (D:1)
  8 ball pythons
  A frilled lizard (D:1)
  13 kobolds
  4 rats
698 creatures vanquished.

Vanquished Creatures (others)
  A tengu reaver (D:13)
  An ettin (D:13)
  A troll (Orc:1)
  A blink frog (Lair:5)
  A yak (D:10)
  A wraith (D:13)
  A culicivora (Lair:2)
  A vampire mosquito (D:14)
  An orc (Orc:1)
  A kobold (D:9)
  26 fungi
  82 plants
118 creatures vanquished.

Grand Total: 816 creatures vanquished

Notes
Turn   | Place    | Note
-------+----------+-------------------------------------------
     0 | D:1      | Zeldest the Draconian Transmuter began the quest for the
                  | Orb.
     0 | D:1      | Reached XP level 1. HP: 16/16 MP: 3/3
   316 | D:1      | Reached XP level 2. HP: 20/23 MP: 5/5
   329 | D:1      | Found Vuimm's Armour Boutique.
   911 | D:2      | Learned a level 2 spell: Wereblood
   930 | D:2      | Found a runed translucent door.
   931 | D:2      | Noticed Crazy Yiuf
   963 | D:2      | Reached XP level 3. HP: 28/28 MP: 4/6
  1054 | D:2      | Found a faded altar of an unknown god.
  1328 | D:2      | Noticed Terence
  1338 | D:2      | Killed Terence
  1339 | D:2      | Reached XP level 4. HP: 27/36 MP: 5/7
  1770 | D:3      | Noticed Jessica
  1779 | D:3      | Killed Jessica
  1911 | D:3      | Found a shimmering altar of Xom.
  2307 | D:3      | Reached XP level 5. HP: 41/41 MP: 8/8
  2365 | D:4      | Found Ubiptano's Book Shop.
  2374 | D:4      | Noticed an ogre
  2384 | D:4      | Killed an ogre
  2428 | D:4      | Noticed Sigmund
  2443 | D:4      | Killed Sigmund
  2444 | D:4      | Reached skill level 5 in Unarmed Combat
  2444 | D:4      | Reached XP level 6. HP: 26/48 MP: 9/9
  2863 | D:4      | Reached skill level 5 in Transmutations
  3346 | D:5      | Entered Level 5 of the Dungeon
  3370 | D:5      | Your scales start taking on a fiery red colour.
  3370 | D:5      | Reached XP level 7. HP: 55/55 MP: 8/10
  3370 | D:5      | Gained mutation: Your flesh is heat resistant. (rF+) [Red
                  | Draconian growth]
  3636 | D:5      | Identified the +2 ring mail of Sin {Str+3}
  3699 | D:5      | Noticed a +0 hand axe
  3701 | D:5      | Found a hide-covered altar of Uskayaw.
  3737 | D:5      | Noticed a +0 dagger
  3828 | D:5      | Found a stormy altar of Qazlal.
  4291 | D:6      | Reached XP level 8. HP: 63/63 MP: 7/11
  4664 | D:6      | Found a staircase to the Ecumenical Temple.
  4779 | D:6      | Found a blossoming altar of Fedhas.
  4794 | D:6      | Reached skill level 1 in Ice Magic
  4864 | D:6      | Found a white marble altar of Elyvilon.
  5439 | D:7      | Learned a level 5 spell: Blade Hands
  5456 | D:7      | Reached XP level 9. HP: 62/72 MP: 8/12
  5516 | D:7      | Reached skill level 5 in Fighting
  5685 | D:7      | Noticed greynaab's ghost (novice HOFi)
  5686 | D:7      | Noticed a kobold demonologist
  5692 | D:7      | Found a transporter.
  5700 | D:7      | Found a transporter.
  6125 | D:8      | Found an ancient bone altar of Kikubaaqudgha.
  6490 | D:8      | Found a glowing golden altar of the Shining One.
  6875 | D:8      | Found a shadowy altar of Dithmenos.
  7248 | Temple   | Entered the Ecumenical Temple
  7319 | Temple   | Became a worshipper of Ru the Awakened
  7423 | D:9      | Noticed Joseph
  7423 | D:9      | Found a sparkling altar of Nemelex Xobeh.
  7432 | D:9      | Killed Joseph
  7612 | D:9      | Reached XP level 10. HP: 66/84 MP: 10/13
  7767 | D:9      | Learned a level 4 spell: Ice Form
  7807 | D:9      | Found a transporter.
  7809 | D:9      | Found a transporter.
  7809 | D:9      | Noticed a two-headed ogre
  7809 | D:9      | Noticed a two-headed ogre
  7810 | D:9      | Noticed patfeehan111222's ghost (novice MiBe)
  7820 | D:9      | Noticed a two-headed ogre
  7824 | D:9      | Identified the +6 great mace of Tapryam {protect, *Corrode
                  | rF+ Int+5 Dex+3}
  7824 | D:9      | Identified the +7 great mace of Buigoliu {drain, Drain rN+
                  | Str+3 Int+2}
  7824 | D:9      | Noticed a two-headed ogre
  7840 | D:9      | Noticed a two-headed ogre
  7853 | D:9      | Killed a two-headed ogre
  8498 | D:9      | Found an iron altar of Okawaru.
  8501 | D:9      | Noticed Maurice
  8517 | D:9      | Killed Maurice
  8717 | D:9      | Found a radiant altar of Vehumet.
  8950 | D:10     | Entered Level 10 of the Dungeon
  8950 | D:10     | Noticed a two-headed ogre
  9050 | D:10     | Found a snail-covered altar of Cheibriados.
  9058 | D:10     | Noticed a two-headed ogre
  9068 | D:10     | Killed a two-headed ogre
  9099 | D:9      | Gained mutation: You are frail. (-10% HP) [Ru sacrifice]
  9099 | D:9      | Reached * piety under Ru
  9213 | D:10     | Found a staircase to the Lair.
  9213 | D:10     | Noticed an elephant
  9225 | D:10     | Killed an elephant
  9226 | D:10     | Reached skill level 5 in Ice Magic
  9393 | D:10     | Killed a two-headed ogre
  9394 | D:10     | Reached skill level 10 in Unarmed Combat
  9553 | D:10     | Noticed Erolcha
  9562 | D:10     | Killed Erolcha
  9563 | D:10     | Reached skill level 10 in Transmutations
  9563 | D:10     | Reached XP level 11. HP: 33/85 MP: 9/14
  9814 | D:10     | Noticed bearlyready's ghost (journeyman TeFi)
  9817 | D:10     | Found a transporter.
  9823 | D:10     | Noticed a five-headed hydra
  9852 | D:10     | Found a transporter.
  9852 | D:10     | Noticed a two-headed ogre
 10224 | D:10     | Found a glowing silver altar of Zin.
 10224 | D:10     | Noticed an angel
 10462 | D:11     | Identified 3 scrolls of acquirement
 10462 | D:11     | Acquired 793 gold pieces
 10464 | D:11     | Acquired the amulet of Suxaopn {Spirit rC+ Int+3 SInv}
 10477 | D:11     | Acquired the +0 cloak of the Gloaming {rN+ Str+2}
 10752 | D:11     | Found a gate leading to a gauntlet.
 10762 | Gauntlet | Entered a Gauntlet
 10762 | Gauntlet | Noticed a hell hog
 10762 | Gauntlet | Noticed a catoblepas
 10762 | Gauntlet | Found a transporter.
 10762 | Gauntlet | Found a transporter.
 10763 | Gauntlet | Found a transporter.
 10763 | Gauntlet | Found a transporter.
 10766 | Gauntlet | Found a transporter.
 10776 | Gauntlet | Found a transporter.
 10778 | Gauntlet | Found a transporter.
 10787 | Gauntlet | Noticed a necromancer
 10795 | Gauntlet | Found a transporter.
 10801 | Gauntlet | Found a transporter.
 10801 | Gauntlet | Noticed a quicksilver ooze
 10870 | Gauntlet | Found a transporter.
 10870 | Gauntlet | Noticed a tengu warrior
 10885 | Gauntlet | Found a transporter.
 10895 | Gauntlet | Found a transporter.
 10990 | Gauntlet | Killed a hell hog
 11004 | Gauntlet | Identified the ring of Beufuenu {Fire rN++}
 11015 | Gauntlet | Killed a quicksilver ooze
 11016 | Gauntlet | Reached skill level 5 in Dodging
 11024 | Gauntlet | Identified the ring "Afuhege" {rN+ Str+4}
 11167 | Gauntlet | Noticed a minotaur
 11173 | Gauntlet | Killed a minotaur
 11174 | Gauntlet | Reached skill level 10 in Fighting
 11289 | Gauntlet | Identified the +5 whip of the Stopping Gnat {antimagic,
                  | rPois rF+ Will+}
 11289 | Gauntlet | Identified the staff of cold "Oxopsioj" {Contam rPois rF+
                  | rC+ rN++}
 11393 | Lair:1   | Entered Level 1 of the Lair of Beasts
 11563 | Lair:1   | Reached XP level 12. HP: 64/95 MP: 5/15
 11604 | Lair:1   | Gained mutation: You are very frail. (-20% HP) [Ru
                  | sacrifice]
 11604 | Lair:1   | Reached ** piety under Ru
 11604 | Lair:1   | Reached *** piety under Ru
 12069 | Lair:1   | Found a dark tunnel.
 12077 | Volcano  | Entered a volcano
 13206 | Lair:2   | Found a hole to the Spider Nest.
 13402 | Lair:2   | Found a staircase to the Swamp.
 13775 | Lair:3   | Noticed Urug
 13777 | Lair:3   | Found a shimmering altar of Xom.
 13779 | Lair:3   | Killed Urug
 14182 | Lair:3   | Noticed Josephine
 14203 | Lair:3   | Killed Josephine
 14204 | Lair:3   | Reached XP level 13. HP: 57/92 MP: 6/16
 14385 | Lair:3   | Gained mutation: You occasionally lose the ability to drink
                  | potions when taking damage. [Ru sacrifice]
 14385 | Lair:3   | Gained mutation: You sometimes lose the ability to drink
                  | potions when taking damage. [Ru sacrifice]
 14385 | Lair:3   | Reached **** piety under Ru
 15419 | Lair:4   | Found a viscous altar of Jiyva.
 15419 | Lair:4   | Found a staircase to the Slime Pits.
 15630 | Lair:5   | Entered Level 5 of the Lair of Beasts
 16794 | Lair:5   | Noticed Sonja
 16799 | Lair:5   | Killed Sonja
 16811 | Lair:5   | Gained mutation: You cannot train Dodging skill. [Ru
                  | sacrifice]
 16811 | Lair:5   | Reached ***** piety under Ru
 16811 | Lair:5   | Reached ****** piety under Ru
 16878 | Lair:5   | Reached skill level 1 in Earth Magic
 17059 | Lair:5   | Reached XP level 14. HP: 54/97 MP: 6/18
 17300 | Lair:5   | Got the Papyrus of the Band
 17632 | Lair:5   | Found a corrupted altar of Lugonu.
 17632 | Lair:5   | Found a one-way gate to the infinite horrors of the Abyss.
 18577 | D:11     | Learned a level 6 spell: Statue Form
 18975 | D:12     | Reached skill level 5 in Earth Magic
 19306 | D:12     | Found a staircase to the Orcish Mines.
 19925 | D:13     | Acquired the ring "Karhiute" {Wiz rElec rC- rN++ Stlth+}
 19939 | D:13     | Noticed a tengu reaver
 19944 | D:13     | Killed a tengu reaver
 19951 | D:13     | Got Sif Muna's Folio of the Missiles and the Fair Folk
 19959 | D:13     | Learned a level 5 spell: Irradiate
 19964 | D:13     | Identified the +1 rapier of Termination {flame, Will+
                  | rCorr}
 20699 | Orc:1    | Entered Level 1 of the Orcish Mines
 20776 | Orc:2    | Entered Level 2 of the Orcish Mines
 22145 | Orc:2    | Found Kobipsae's Antique Armour Shop.
 22145 | Orc:2    | Found Egepnano's Distillery.
 22147 | Orc:2    | Found Ixtut Kului's Jewellery Shop.
 22147 | Orc:2    | Found Xeafofut's General Store.
 22153 | Orc:2    | Bought a distressingly furry kite shield for 228 gold
                  | pieces
 22153 | Orc:2    | Identified the +0 kite shield of Veorizot {+Inv Slay-6
                  | SInv} (You bought it in a shop on level 2 of the Orcish
                  | Mines)
 22157 | Orc:2    | Bought a scroll of blinking for 112 gold pieces
 22160 | Orc:2    | Bought a potion of haste for 150 gold pieces
 22160 | Orc:2    | Bought a potion of curing for 45 gold pieces
 22160 | Orc:2    | Bought a potion of magic for 120 gold pieces
 22160 | Orc:2    | Bought a potion of might for 60 gold pieces
 22165 | Orc:2    | Bought a pair of warped boots for 228 gold pieces
 22165 | Orc:2    | Identified the +0 pair of boots "Acoix" {Int+8 Slay+3
                  | Stlth+} (You bought it in a shop on level 2 of the Orcish
                  | Mines)
 22370 | Orc:2    | Found a staircase to the Elven Halls.
 22418 | Orc:2    | Found Nadaokiv's Armour Shop.
 22565 | Orc:1    | Reached XP level 15. HP: 109/109 MP: 10/20
 23090 | D:14     | Noticed Snorg
 23330 | D:14     | Noticed Nessos
 23342 | D:13     | Killed Nessos
 23584 | D:14     | Found a gate to the Vaults.
 23939 | D:14     | Killed Snorg
 24316 | D:15     | Entered Level 15 of the Dungeon
 24431 | D:15     | Found a frozen archway.
 24435 | IceCv    | Entered an ice cave
 24772 | IceCv    | Reached skill level 5 in Spellcasting
 25012 | IceCv    | Noticed an Ice Fiend
 25020 | IceCv    | Killed an Ice Fiend
 25376 | D:15     | Found Vakkeej's Antique Weapon Emporium.
 25410 | D:15     | Found a stormy altar of Qazlal.
 25688 | D:15     | Found a staircase to the Depths.
 25964 | Spider:1 | Entered Level 1 of the Spider Nest
 25964 | Spider:1 | Noticed Azrael
 25974 | Spider:1 | Killed Azrael
 25987 | Spider:1 | HP: 7/140 [demonic crawler (7)]
 25987 | Spider:1 | HP: 3/140 [wolf spider (4)]
 25990 | Spider:1 | Slain by a demonic crawler

Illustrated notes

Levels and vault maps discovered:
D:1:      lemuel_arrival_muddy, layout_loops_ring, serial_shops, shop
D:2:      layout_loops_ring, ebering_ecumenical_altar_box,
          kennysheep_generic_room_6, uniq_crazy_yiuf_cottage, uniq_terence
D:3:      layout_loops_ring, mainiacjoe_overflow_tiny_flanked, uniq_jessica
D:4:      layout_gridville, serial_shops, nicolae_stop_n_shop_2, uniq_sigmund
D:5:      layout_loops_ring, dancing_weapons_uskayaw, lemuel_crystal_altar
D:6:      layout_loops_ring, fedhas_altar_1, overflow_temple_1_default,
          minmay_temple_entry_antechambers
D:7:      layout_loops_ring, gammafunk_ghost_arena
D:8:      layout_basic, lemuel_doored_altar, tso_metal_star,
          mainiacjoe_overflow_alcove_2, minmay_misc_feat_ornament,
          amcnicky_mini_corridor_feature
D:9:      layout_cave_pools, kennysheep_little_box,
          nemelex_xobeh_ov_fountains_minmay, okawaru_metal_pillars_1_2,
          gammafunk_ghost_smash, chequers_big_river, uniq_joseph, uniq_maurice
D:10:     layout_rooms, zin_angel, slow_altar_1, david_lair_generic,
          nzn_ghost_randoct, uniq_erolcha
D:11:     layout_roguey, gauntlet_entry_generic
D:12:     layout_basic, hiddenorc2_lemuel
D:13:     layout_basic, minmay_holes, chequers_serial_rivers_small_3,
          minmay_the_grid_2x2 [minmay_the_grid_spikes,
          minmay_the_grid_holed_spiral, minmay_the_grid_empty,
          minmay_the_grid_prize_diamond_cup]
D:14:     layout_big_octagon, erik_vaults_1, minmay_curled_crystal, st_stairs_2,
          uniq_nessos, uniq_snorg
D:15:     grunt_enter_depths_hoard, layout_irregular_city, serial_shops,
          nicolae_shop_temple_entry_statues_fountains,
          portal_ice_cave_entry_pillars_four, nicolae_qazlal_eye_of_the_storm
Temple:   hellmonk_temple_beads
Lair:1:   layout_roguey, lightli_volcano_entry_magma_tube, grunt_megastairs_2
Lair:2:   beargit_carnivore_pack, layout_chaotic_city, swamp_mist_pool,
          hellmonk_spider_entry_life_and_decay
Lair:3:   layout_roguey, basic_altar, serial_bayou, serial_bayou_lake_a,
          serial_bayou_pond_e, serial_bayou_shore_a, serial_bayou_lagoon_b,
          serial_bayou_pond_a, uniq_josephine, uniq_urug
Lair:4:   layout_hall_layers, dpeg_slime_entry_enclosed
Lair:5:   hellmonk_lair_end_abyssal_woods, layout_hall_layers, st_stairs_6,
          uniq_sonja
Spider:1: layout_spider_delve, ebering_ghost_disaster_area, uniq_azrael
Orc:1:    layout_diamond_mine, hangedman_minor_magic
Orc:2:    grunt_orc_tribal_feast, layout_caves, serial_shops,
          nicolae_shop_behind_doors

Skill      XL: |  1  2  3  4  5  6  7  8  9 10 11 12 13 14 15 |
---------------+----------------------------------------------+-----
Dodging        | 2 5 7 0 |  0.0
Transmutations | 3 4 5 6 7 8 10 11 12 13 14 | 14.7
Fighting       | 2 3 4 6 8 10 11 12 13 14 | 14.6
Unarmed Combat | 4 5 6 8 9 10 11 12 13 14 | 14.8
Ice Magic      | 1 3 5 |  5.0
Earth Magic    | 1 8 9 |  9.7
Spellcasting   | 3 5 |  5.7

Action                     |  1- 3 |  4- 6 |  7- 9 | 10-12 | 13-15 || total
---------------------------+-------+-------+-------+-------+-------++-------
  Melee: Unarmed           |   123 |   129 |   275 |   356 |   826 ||  1709
         Tailslap          |     8 |    15 |    26 |    58 |   160 ||   267
         Punch             |     2 |     4 |    17 |    32 |    69 ||   124
         Kick              |     4 |     5 |    47 |     1 |       ||    57
         Headbutt          |     4 |     4 |    26 |       |       ||    34
   Cast: Beastly Appendage |     4 |     7 |    27 |     2 |       ||    40
         Wereblood         |       |       |    15 |    16 |    28 ||    59
         Blade Hands       |       |       |       |    49 |    50 ||    99
         Ice Form          |       |       |       |     1 |     3 ||     4
         Statue Form       |       |       |       |       |    52 ||    52
         Irradiate         |       |       |       |       |     6 ||     6
 Invoke: Sacrifice Health  |       |       |       |     2 |       ||     2
         Apocalypse        |       |       |       |       |     4 ||     4
         Draw Out Power    |       |       |       |       |     1 ||     1
         Sacrifice Drink   |       |       |       |       |     1 ||     1
         Sacrifice Nimblen |       |       |       |       |     1 ||     1
Ability: Breathe Fire      |       |       |    23 |    19 |     9 ||    51
         End Transformatio |       |       |       |     1 |     1 ||     2
  Evoke: Wand              |       |     1 |     5 |       |    17 ||    23
    Use: Potion            |     1 |     1 |     1 |     1 |     2 ||     6
         Scroll            |       |       |       |    25 |    22 ||    47
   Stab: Distracted        |     1 |       |       |     1 |     4 ||     6
         Invisible         |       |       |       |       |     8 ||     8
         Paralysed         |       |       |       |       |    16 ||    16
         Sleeping          |       |       |       |       |     3 ||     3
 Armour: Skin              |    44 |    41 |   109 |    69 |   585 ||   848
  Dodge: Dodged            |    75 |    68 |   162 |   159 |   563 ||  1027

Table legend: (Time is in decaauts)
 A = Elapsed time spent in this place.
 B = Non-inter-level travel time spent in this place.
 C = Inter-level travel time spent in this place.
 D = Time resting spent in this place.
 E = Time spent auto-exploring this place.
 F = Levels seen in this place.
 G = Mean time per level.
                   A        B        C        D        E       F      G
               +--------+--------+--------+--------+--------+-----+--------+
         Total |  26934 |  25421 |   1513 |   8358 |  10648 |  27 |  997.6 |
       Dungeon |  15568 |  14576 |    992 |   4468 |   6805 |  15 | 1037.9 |
        Temple |    119 |     64 |     55 |      0 |     56 |   1 |  119.0 |
          Lair |   6857 |   6510 |    347 |   2340 |   2778 |   5 | 1371.4 |
   Spider Nest |     31 |     31 |      0 |      0 |      0 |   1 |   31.0 |
  Orcish Mines |   2731 |   2614 |    117 |    890 |    774 |   2 | 1365.5 |
      Ice Cave |    919 |    919 |      0 |    468 |     93 |   1 |  919.0 |
       Volcano |    163 |    163 |      0 |      0 |      0 |   1 |  163.0 |
      Gauntlet |    543 |    543 |      0 |    192 |    141 |   1 |  543.0 |
               +--------+--------+--------+--------+--------+-----+--------+

Top non-repeatable levels by time:
  Lair:5: 2675 daAuts
     D:8: 1632 daAuts
   Orc:2: 1591 daAuts
    D:13: 1536 daAuts
  Lair:3: 1330 daAuts
    D:10: 1273 daAuts
    D:14: 1254 daAuts
     D:9: 1251 daAuts
   Orc:1: 1139 daAuts
  Lair:2: 1084 daAuts
  Lair:1: 1035 daAuts
    D:12: 965 daAuts
     D:7: 959 daAuts
     D:6: 932 daAuts
     D:2: 925 daAuts
